 Dungeon Crawl Stone Soup version 0.29.1-1-gd02db6906a (webtiles) character file.

Game seed: 5444135271918921562

529 NullDivider the Sneak (level 7, -10/41 HPs)
             Began as an Octopode Hedge Wizard on Sept 22, 2022.
             Shot with a bolt by an orc warrior (19 damage)
             ... on level 5 of the Dungeon.
             The game lasted 00:21:20 (3814 turns).

NullDivider the Sneak (Octopode Hedge Wizard)       Turns: 3814, Time: 00:21:21

Health: -10/41     AC:  5    Str:  9    XL:     7   Next: 24%
Magic:  8/13       EV: 14    Int: 17    God:
Gold:   156        SH:  0    Dex: 13    Spells: 9/14 levels left

rFire   . . .      SeeInvis .   k - +1 dagger (speed)
rCold   . . .      Faith    .   (no shield)
rNeg    . . .      Spirit   .   b - +0 hat
rPois   .          Reflect  .   (no amulet)
rElec   .          Harm     .   d - +4 ring of protection
rCorr   .          Rampage  .   (no ring)
Will    .....                   (no ring)
Stlth   ++++......              (no ring)
HPRegen 0.13/turn               (no ring)
MPRegen 0.13/turn               (no ring)
                                (no ring)
                                (no ring)

@: no status effects
A: almost no armour, amphibious, 8 rings, camouflage 1, gelatinous body 1,
(nimble swimmer 1), tentacles
a: no special abilities


You were on level 5 of the Dungeon.
You visited 1 branch of the dungeon, and saw 5 of its levels.

You collected 195 gold pieces.
You spent 39 gold pieces at shops.

Inventory:

Hand Weapons
 k - a +1 dagger of speed (weapon)
Armour
 b - a +0 hat (worn)
Jewellery
 d - a +4 ring of protection (left tentacle)
 t - a ring of fire
 w - a ring of poison resistance
Scrolls
 f - a scroll of poison {unknown}
 h - a scroll of enchant armour {unknown}
 i - 2 scrolls of amnesia {unknown}
 n - 2 scrolls of identify {unknown}
 o - a scroll of butterflies {unknown}
 p - a scroll of teleportation {unknown}
 q - 2 scrolls of fear {unknown}
 r - 2 scrolls of enchant weapon {unknown}
 s - 3 scrolls of noise {unknown}
 v - a scroll of magic mapping {unknown}
Potions
 a - a potion of might
 c - 2 potions of magic
 e - 2 potions of heal wounds {unknown}
 g - 6 potions of curing
 j - 3 potions of mutation {unknown}
 l - 2 potions of flight {unknown}
 m - a potion of haste {unknown}
 u - a potion of berserk rage {unknown}


   Skills:
 * Level 3.3 Short Blades
 + Level 3.1 Dodging
 * Level 5.6 Stealth
 * Level 4.3 Spellcasting
 - Level 2.0 Conjurations
 - Level 2.0 Summonings
 - Level 2.0 Translocations


You had 9 spell levels left.
You knew the following spells:

 Your Spells              Type           Power      Damage    Failure   Level
a - Magic Dart            Conj           40%        1d5       7%          1
b - Call Imp              Summ           10%        N/A       10%         2
c - Blink                 Tloc           20%        N/A       10%         2

Your spell library contained the following spells:

 Spells                   Type           Power      Damage    Failure   Level
 Beastly Appendage        Tmut           6%         N/A       16%         1
 Slow                     Hex            12%        N/A       16%         1
 Gell's Gravitas          Tloc           10%        N/A       21%         3
 Lesser Beckoning         Tloc           10%        N/A       21%         3
 Teleport Other           Tloc           10%        N/A       21%         3
 Wereblood                Tmut           3%         N/A       22%         2
 Conjure Flame            Conj/Fire      7%         6-21      30%         3
 Mephitic Cloud           Conj/Pois/Air  6%         N/A       34%         3
 Spider Form              Tmut/Pois      3%         N/A       41%         3
 Passage of Golubria      Tloc           10%        N/A       54%         4
 Silence                  Hex/Air        1%         N/A       99%         5
 Lehudib's Crystal Spear  Conj/Erth      3%         10d3      100%        8


Dungeon Overview and Level Annotations

Branches:
Dungeon (5/15)             Temple (0/1) D:4

Altars:

Shops:
D:3 *


Innate Abilities, Weirdness & Mutations

You cannot wear most types of armour.
You are amphibious.
You can wear up to eight rings at the same time.
Your skin changes colour to match your surroundings (Stealth+).
Your rubbery body absorbs attacks. (AC +1, EV +1)
((You are camouflaged when in or above water. (Stealth+)))
You have tentacles for arms and can constrict up to eight enemies at once.


Message History

Your white imp hits the quokka.
The quokka dies!
The orc warrior shoots a bolt.
The bolt hits your white imp!
The orc warrior shoots a bolt.
The bolt misses your white imp. The bolt misses you.
Your white imp hits the orc warrior.
Your white imp freezes the orc warrior.
The orc warrior shoots a bolt.
The bolt closely misses your white imp. The bolt hits you.
Your white imp barely misses the orc warrior.
An orc comes into view. It is wielding a +0 falchion.
The orc warrior unwields a +0 arbalest.
The orc warrior wields a +0 glaive.
The orc warrior misses your white imp.
Your white imp misses the orc warrior.
The orc hits your white imp but does no damage.
The orc warrior unwields a +0 glaive.
The orc warrior wields a +0 arbalest.
The orc warrior shoots a bolt.
The bolt hits your white imp!!
Your white imp dies!
Your white imp disappears in a puff of smoke!
Casting: Call Imp (safe; 10% risk of failure)
Confirm with . or Enter, or press ? or * to list all spells.
A beastly little devil appears in a puff of flame.
The orc warrior shoots a bolt.
The bolt hits your crimson imp!!
Your crimson imp dies!
Your crimson imp disappears in a puff of smoke!
You hear a shout!
Casting: Call Imp (safe; 10% risk of failure)
Confirm with . or Enter, or press ? or * to list all spells.
A metallic apparition takes form in the air.
The orc warrior shoots a bolt.
The bolt misses you.
The orc warrior shoots a bolt.
The bolt hits you!
* * * LOW HITPOINT WARNING * * *
Found a stone staircase leading up.
The orc warrior shoots a bolt.
The bolt misses you.
w - a ring of poison resistance
There are no items here.
The orc warrior shoots a bolt.
The bolt hits your iron imp!!
Your iron imp dies!
Your iron imp disappears in a puff of smoke!
The orc warrior shoots a bolt.
The bolt closely misses you.
Found a helmet.
The orc warrior shoots a bolt.
The bolt hits you!!
You die...

#.###.###.# .[
#..#...#..# .#
##.......##
.........#.####
#..####.##.## #..
###o#o..##
#.#..##.#..o...#
#........ยง#...##
#.<.@...##.######
......#..............
####.......##########
#########


You could see an orc warrior and an orc.

Vanquished Creatures
  Eustachio (D:4)
  Blork the orc (D:4)
  A hound (D:5)
  Jessica (D:2)
  8 adders
  A white imp (D:5)
  3 worms
  4 dart slugs
  2 orcs (D:4)
  6 bats
  3 endoplasms
  3 giant cockroaches
  11 goblins
  4 hobgoblins
  2 jackals (D:1)
  3 quokkas
  5 ball pythons
  2 frilled lizards
  8 kobolds
  7 rats
76 creatures vanquished.

Vanquished Creatures (collateral kills)
  A necrophage (D:4)
  3 gnolls (D:3)
  2 jackals (D:1)
  A quokka (D:5)
7 creatures vanquished.

Grand Total: 83 creatures vanquished

Notes
Turn   | Place    | Note
-------+----------+-------------------------------------------
     0 | D:1      | NullDivider the Octopode Hedge Wizard began the quest for
                  | the Orb.
     0 | D:1      | Reached XP level 1. HP: 11/11 MP: 4/4
   460 | D:1      | Reached XP level 2. HP: 17/17 MP: 0/6
   463 | D:1      | Learned a level 2 spell: Call Imp
   466 | D:1      | Learned a level 2 spell: Blink
   541 | D:1      | Reached skill level 3 in Stealth
   615 | D:1      | You fall into a shaft and drop 1 floor!
   688 | D:2      | Reached XP level 3. HP: 21/21 MP: 7/7
   704 | D:2      | Found a faded altar of an unknown god.
   713 | D:2      | Identified the +0 robe "Yhifioq" {Regen+}
   778 | D:2      | Reached skill level 1 in Short Blades
  1356 | D:2      | Noticed Jessica
  1361 | D:2      | Killed Jessica
  1362 | D:2      | Reached XP level 4. HP: 25/27 MP: 7/9
  1691 | D:3      | Found Hesmeyhi's General Store.
  1778 | D:3      | Reached XP level 5. HP: 31/31 MP: 10/10
  1854 | D:3      | Reached skill level 4 in Stealth
  1979 | D:3      | Bought a potion of curing for 39 gold pieces
  2415 | D:4      | Reached XP level 6. HP: 36/36 MP: 4/11
  2488 | D:4      | Noticed Eustachio
  2590 | D:4      | Noticed Blork the orc
  2619 | D:4      | Killed Blork the orc
  2645 | D:4      | Found a staircase to the Ecumenical Temple.
  3203 | D:4      | Killed Eustachio
  3204 | D:4      | Reached skill level 5 in Stealth
  3204 | D:4      | Reached XP level 7. HP: 9/41 MP: 9/13
  3606 | D:5      | Entered Level 5 of the Dungeon
  3814 | D:5      | Shot with a bolt by an orc warrior

Illustrated notes

Levels and vault maps discovered:
D:1:      eino_arrival_water_star, layout_rooms
D:2:      layout_loops_corners, chequers_ecumenical_altar_simple, uniq_jessica
D:3:      layout_basic, serial_shops, nicolae_shop_hallway_stairs,
          minmay_misc_feat_rugged, minmay_three_crescents
D:4:      layout_basic, temple_doors_e, uniq_eustachio, uniq_blork_the_orc
D:5:      layout_loops_corners, minmay_gold_behind_fungi, minmay_between

Skill      XL: |  1  2  3  4  5  6 |
---------------+-------------------+-----
Stealth        | 3 4 5 |  5.6
Short Blades   | 1 2 3 |  3.3
Conjurations   | 2 |  2.0
Summonings     | 2 |  2.0
Translocations | 2 |  2.0
Spellcasting   | 4 |  4.3
Dodging        | 3 |  3.1

Action                   |  1- 3 |  4- 6 |  7- 9 || total
-------------------------+-------+-------+-------++-------
Melee: Dagger            |    60 |    94 |     8 ||   162
       Constrict         |    17 |    22 |     3 ||    42
       Tentacles         |    12 |    20 |     1 ||    33
       Punch             |       |     1 |       ||     1
 Cast: Magic Dart        |    10 |    15 |     3 ||    28
       Call Imp          |     1 |     7 |     4 ||    12
 Stab: Sleeping          |     9 |    13 |     1 ||    23
Armor: Skin              |    11 |    12 |     1 ||    24
Dodge: Dodged            |    29 |    39 |    16 ||    84
